Cogmind - Beta 13 @@@ ROGUE MODE // 2024.05.05 @ 23:23:58 Player: opdo Result: Self-destructed Performance ------------- Evolutions (5) 2500 Regions Visited (9) 1800 Robots Destroyed (44) 220 Value Destroyed (1779) 1779 Prototype IDs (26) 520 Alien Tech Used (0) 0 Bonus (594) 594 TOTAL SCORE: 7413 Bonus ------- High Alert Combat Kills 72 Follower Combat Kills 246 Aligned with FarCom 300 Friendly Fire -24 Cogmind --------- Core Integrity 255/1000 Matter 270/300 Energy 51/100 System Corruption 14% Temperature Cool (0) Movement Flying (40) Location -5/Extension Parts ------- > --- POWER (3) -------- (None) > --- PROPULSION (5) --- Nuclear Pulse Array > --- UTILITY (7) ------ Improved Terrain Scan Processor > --- WEAPON (2) ------- Heavy Mace Phasing Sabre > --- INVENTORY (5) ---- Carbon-fiber Leg Peak State ------------ > --- POWER ------------ Improved Deuterium Engine Light Angular Momentum Engine > --- PROPULSION ------- Flexi-carbon Leg Armored Leg Myomer Leg Myomer Leg Field Propulsion Drive > --- UTILITY ---------- Small Storage Unit Improved Terrain Scanner Improved Terrain Scan Processor Precision Energy Filter Transmission Jammer Improved Light Armor Plating Hacking Suite > --- WEAPON ----------- Latent Energy Streamer Heavy Mace > --- INVENTORY -------- Aluminum Leg Carbon-fiber Leg Flight Unit VTOL Module Nuclear Pulse Array Phasing Sabre Signal Generator [Rating: 79] Favorites ----------- Power Ion Engine Engine Ion Engine Power Core Light Nuclear Core Propulsion Aluminum Leg Leg Aluminum Leg Wheel Compact Wheel Flight Unit Field Propulsion Drive Utility Small Storage Unit Device Improved Terrain Scanner Storage Small Storage Unit Processor Improved Terrain Scan Processor Hackware Hacking Suite Protection Improved Light Armor Plating Weapon Latent Energy Streamer Energy Gun Improved Spread Laser Energy Cannon Latent Energy Streamer Ballistic Gun Assault Rifle Impact Weapon Heavy Mace Slashing Weapon Ripper Build | -11 -10 -10 -10 -9 -8 -7 -6 -5 -5 ------- Run | Yrd Mat Min Exi Min Mat Fac Fac Fac Ext Slots Evolved 10 | . . . . . 4 2 2 2 . Power 2 | . . . . . 1 . . 1 . Propulsion 3 | . . . . . 2 . 1 . . Utility 5 | . . . . . 1 2 1 1 . Weapon . | . . . . . . . . . . Parts Attached 54 | 6 . 1 1 . 11 7 8 5 15 Power 7 | 1 . . . . 3 . 2 . 1 Engine 5 | 1 . . . . 2 . 2 . . Core 2 | . . . . . 1 . . . 1 Reactor . | . . . . . . . . . . Propulsion 23 | 2 . . . . 5 2 4 2 8 Treads . | . . . . . . . . . . Leg 17 | 2 . . . . 2 2 4 1 6 Wheel 1 | . . . . . 1 . . . . Hover . | . . . . . . . . . . Flight 5 | . . . . . 2 . . 1 2 Utility 10 | 1 . 1 . . 1 4 1 2 . Device 5 | . . 1 . . 1 1 . 2 . Storage 1 | 1 . . . . . . . . . Processor 1 | . . . . . . 1 . . . Hackware 1 | . . . . . . 1 . . . Protection 2 | . . . . . . 1 1 . . Artifact . | . . . . . . . . . . Weapon 14 | 2 . . 1 . 2 1 1 1 6 Energy Gun 2 | . . . . . . 1 . . 1 Energy Cannon 4 | . . . 1 . 1 . . 1 1 Ballistic Gun 3 | 2 . . . . 1 . . . . Ballistic Cannon . | . . . . . . . . . . Launcher . | . . . . . . . . . . Special Weapon . | . . . . . . . . . . Impact Weapon 2 | . . . . . . . 1 . 1 Slashing Weapon 3 | . . . . . . . . . 3 Piercing Weapon . | . . . . . . . . . . Special Melee Weapon . | . . . . . . . . . . Unidentified Prototypes 2 | . . . . . . 1 . 1 . Corrupted Parts 1 | . . . . . . . 1 . . System Corruption 8 | . . . . . . . 8 . . Parts Lost 23 | . . . . . . 4 . . 19 Power 4 | . . . . . . 1 . . 3 Propulsion 10 | . . . . . . 2 . . 8 Utility 7 | . . . . . . 1 . . 6 Weapon 2 | . . . . . . . . . 2 Highest Loss Streak 16 | . . . . . . 4 . . 16 To Critical Strikes 2 | . . . . . . . . . 2 Average Slot Usage (%) 91 | . 85 88 100 100 97 87 84 90 89 Engine 10 | . 14 14 14 14 11 2 4 11 10 Core 2 | . . . . . 5 7 4 . 1 Leg 28 | . 28 28 28 28 34 25 28 26 21 Device 11 | . . 3 14 14 17 15 6 13 14 Storage 9 | . 14 14 14 14 9 7 6 5 4 Processor 2 | . . . . . . 1 6 5 5 Hackware 2 | . . . . . . 7 6 5 5 Protection 2 | . . . . . . 3 5 5 4 Energy Gun 2 | . . . . . . 5 6 5 3 Energy Cannon 5 | . . . 7 14 8 7 5 5 2 Ballistic Gun 9 | . 28 28 20 14 9 1 . . . Naked Turns . | . . . . . . . . . . Heaviest Build 55 | 13 13 14 23 23 29 32 42 48 55 Greatest Support 86 | 20 20 20 20 20 44 54 86 86 86 Greatest Overweight (x) 2 | 1 . . 1 1 1 . . . 2 Average Overweight (x) . | . . . . 1 . . . . . Largest Inventory Capacity 8 | 8 8 8 8 8 8 8 8 8 8 Average Capacity 7 | 7 8 8 8 8 8 8 8 8 7 Most Carried 8 | 6 7 8 8 8 8 7 8 8 8 Average Carried 7 | 3 6 7 7 8 7 6 7 7 7 Final Capacity 8 | 8 8 8 8 8 8 8 8 8 5 Final Carried 8 | 6 7 8 8 8 8 7 8 8 1 Class Distribution -------------------- 36% | Mutant 34% | Skirmisher 20% | Scavenger-Skirmisher 6% | Commander-Assassin Dominant Class ---------------- Mutant | -10/Materials Mutant | -10/Mines Mutant | -10/Exiles Mutant | -9/Mines Skirmisher | -8/Materials Skirmisher | -7/Factory Scavenger-Skirmisher | -6/Factory Scavenger-Skirmisher | -5/Factory Commander-Assassin | -5/Extension Resources | -11 -10 -10 -10 -9 -8 -7 -6 -5 -5 ----------- Run | Yrd Mat Min Exi Min Mat Fac Fac Fac Ext Matter Collected 883 | 245 51 27 . 24 136 89 81 . 230 Remotely . | . . . . . . . . . . Salvage Created 1971 | 19 . 48 . 17 502 192 451 . 742 Parts 82 | 2 . 8 . . 20 6 10 . 36 Haulers Intercepted 1 | . . . . . . 1 . . . Recyclers Shooed 2 | . . . . . 1 . . . 1 Parts Field Recycled . | . . . . . . . . . . Retrieved Matter . | . . . . . . . . . . Parts Self-Destructed . | . . . . . . . . . . Prevented . | . . . . . . . . . . Kills | -11 -10 -10 -10 -9 -8 -7 -6 -5 -5 ------- Run | Yrd Mat Min Exi Min Mat Fac Fac Fac Ext Combat Hostiles Destroyed 35 | . . 3 . . 10 3 8 . 11 Melee 2 | . . . . . . . . . 2 Guns 6 | . . 3 . . 1 1 1 . . Cannons 1 | . . . . . . . . . 1 AOE 19 | . . . . . 9 2 3 . 5 Classes Destroyed 11 | 1 . 1 . . 5 2 1 . 1 Worker 3 | . . . . . 2 1 . . . Builder 1 | . . . . . . . . . 1 Tunneler 2 | 1 . . . 1 . . . . . Hauler 1 | . . . . . . 1 . . . Watcher 2 | . . . . . 2 . . . . Swarmer 8 | . . 3 . . 4 1 . . . Grunt 15 | . . . . . 4 1 4 . 6 Brawler 1 | . . . . . . 1 . . . Duelist 3 | . . . . . 1 . 2 . . Sentry 3 | . . . . . 1 . . . 2 Hunter 2 | . . . . . . . 2 . . Thug 1 | . . . . . . . . . 1 Butcher 1 | . . . . . . . . . 1 Guerrilla 1 | . . . . . . . . . 1 Best Kill Streak 8 | 1 . 2 . 1 4 2 3 . 8 Combat Bots Only 8 | . . 2 . . 4 2 3 . 8 Max Kills in Single Turn 4 | 1 . 1 . 1 4 2 2 . 3 Gunslinging . | . . . . . . . . . . Exploded 4 | . . . . . 4 2 2 . 3 Melee 1 | . . . . . . . . . 1 Uniques/NPCs Destroyed . | . . . . . . . . . . Combat | -11 -10 -10 -10 -9 -8 -7 -6 -5 -5 -------- Run | Yrd Mat Min Exi Min Mat Fac Fac Fac Ext Hostile Shots Fired 221 | . . 15 . . 8 6 17 . 175 Missed 80 | . . 6 . . 4 3 5 . 62 Damage Taken 3430 | . . 73 . 24 193 441 376 . 2323 Core 1044 | . . 25 . 8 15 123 128 . 745 Absorbed by Shields . | . . . . . . . . . . Core Remaining (%) 89 | 100 . . . 86 97 82 84 . . Volleys Fired 60 | 7 2 7 . 1 9 10 13 . 11 Largest 2 | 2 2 2 . 2 2 2 1 . 2 Hottest 135 | 40 40 40 . 80 80 135 75 . 135 Shots Fired 87 | 14 4 14 . 2 17 11 12 . 13 Gun 62 | 14 4 14 . 1 9 10 7 . 3 Cannon 25 | . . . . 1 8 1 5 . 10 Launcher . | . . . . . . . . . . Special . | . . . . . . . . . . Kinetic 42 | 14 4 14 . 1 9 . . . . Thermal 20 | . . . . . . 10 7 . 3 Explosive . | . . . . . . . . . . Electromagnetic 25 | . . . . 1 8 1 5 . 10 Robot Hit Streak 15 | 3 1 2 . 2 4 4 15 . 3 Robot Miss Streak 7 | 2 3 2 . . 1 7 6 . 3 Penetration Max . | . . . . . . . . . . Secondary Targets 1 | . . 1 . . . . . . . Max Gunslinging Chain 1 | . . 1 . . . . . . . Shots Hit Robots 56 | 7 1 5 . 1 7 9 9 . 17 Core Hits 92 | 3 . 3 . 1 20 13 18 . 34 Critical Kills . | . . . . . . . . . . Critical Parts Destroyed 2 | . . . . . . . . . 2 Critical Strikes 2 | . . . . . . . . . 2 Smash 2 | . . . . . . . . . 2 Melee Attacks 13 | . . . . . . . 2 . 11 Impact 9 | . . . . . . . 2 . 7 Slashing 4 | . . . . . . . . . 4 Piercing . | . . . . . . . . . . Sneak Attacks 2 | . . . . . . . . . 2 Combat Hostiles 2 | . . . . . . . . . 2 Follow-up Attacks 1 | . . . . . . . . . 1 Damage Inflicted 5499 | 95 10 66 . 48 1774 422 1281 . 1803 Guns 619 | 95 10 66 . . 49 174 159 . 66 Cannons 110 | . . . . 5 29 . 19 . 57 Explosions 4338 | . . . . 42 1667 248 1103 . 1278 Melee 402 | . . . . . . . . . 402 Ramming 30 | . . . . 1 29 . . . . Kinetic 220 | 95 10 66 . . 49 . . . . Thermal 719 | . . . . . . 174 304 . 241 Explosive . | . . . . . . . . . . Electromagnetic 4128 | . . . . 47 1696 248 977 . 1160 Impact 305 | . . . . . . . . . 305 Slashing 97 | . . . . . . . . . 97 Piercing . | . . . . . . . . . . Highest Corruption 23 | . . . . 1 23 3 22 . 14 Average Corruption 11 | . . . . 1 13 3 17 . 11 Corruption Purged . | . . . . . . . . . . Corruption Blocked . | . . . . . . . . . . Effects 59 | . . . . . 25 2 14 . 18 Message Errors 10 | . . . . . 4 . 3 . 3 Matter Fused 11 | . . . . . 6 . 2 . 3 Heat Flow Errors 11 | . . . . . 6 . 1 . 4 Energy Discharges 7 | . . . . . 2 . 3 . 2 Parts Rejected 2 | . . . . . 1 . 1 . . Parts Fused 1 | . . . . . . . . . 1 Data Loss (minor) 9 | . . . . . 3 2 1 . 3 Data Loss (major) 2 | . . . . . 1 . . . 1 Alerts 3 | . . . . . 1 . 2 . . Misdirections 1 | . . . . . . . . . 1 Weapon Failures 2 | . . . . . 1 . 1 . . Overload Shots . | . . . . . . . . . . Overflow Damage 283 | . . . . . 47 75 58 . 103 Projectiles . | . . . . . . . . . . Explosions 180 | . . . . . 47 75 58 . . Melee 103 | . . . . . . . . . 103 Knockbacks 2 | . . . . . . . . . 2 Impact 1 | . . . . . . . . . 1 Kinetic . | . . . . . . . . . . Secondary 1 | . . . . . . . . . 1 Self-Inflicted Damage 583 | . . . . 24 103 388 68 . . Shots 7 | . . . . 1 1 4 1 . . Rammed . | . . . . . . . . . . Targets Rammed 4 | . . . . 1 3 . . . . Kicked 4 | . . . . 1 3 . . . . Crushed . | . . . . . . . . . . Highest Temperature 478 | . . . . 18 282 96 172 . 478 Average Temperature 131 | . . . . 12 96 44 57 . 178 Received Heat Transfer 330 | . . 6 . . 27 . 63 . 234 Effects 11 | . . . . . . . . . 11 Shutdowns 6 | . . . . . . . . . 6 Energy Bleed 1 | . . . . . . . . . 1 Interference 1 | . . . . . . . . . 1 Matter Decay 1 | . . . . . . . . . 1 Short Circuit 1 | . . . . . . . . . 1 Damage (minor) 1 | . . . . . . . . . 1 Siege Activations . | . . . . . . . . . . Robots Corrupted 6 | . . . . . . . 4 . 2 Combat Hostiles 6 | . . . . . . . 4 . 2 Parts Fried 21 | . . . . . 11 . 4 . 6 Impact Corruptions 4 | . . . . . . . . . 4 Robots Melted . | . . . . . . . . . . Combat Hostiles . | . . . . . . . . . . Parts Melted . | . . . . . . . . . . Heat Transferred 547 | . . . . . . 145 230 . 172 Parts Sabotaged . | . . . . . . . . . . Parts Stolen . | . . . . . . . . . . Parts Stripped . | . . . . . . . . . . Power Chain Reactions 2 | . . . . . . . 1 . 1 Latent Energy Used 3030 | . . . . 59 1378 200 911 . 482 LE Corruption 54 | . . . . 1 22 3 14 . 14 Alert | -11 -10 -10 -10 -9 -8 -7 -6 -5 -5 ------- Run | Yrd Mat Min Exi Min Mat Fac Fac Fac Ext Peak Influence 584 | 5 33 212 . 5 388 338 553 172 584 Initial 176 | . 3 12 . . 1 176 165 172 84 Average 210 | 1 15 123 . . 217 270 349 172 349 Maximum Alert Level 2 | . . 1 . . 1 1 2 . 2 Low Security (%) 59 | 100 100 81 . 100 51 35 31 100 28 Level 1 27 | . . 18 . . 48 64 26 . 27 Level 2 12 | . . . . . . . 42 . 43 Level 3 . | . . . . . . . . . . Level 4 . | . . . . . . . . . . Level 5 . | . . . . . . . . . . High Security . | . . . . . . . . . . Max Security . | . . . . . . . . . . Squads Dispatched 5 | . . . . . 1 1 1 . 2 Investigation 1 | . . . . . . . 1 . . Extermination 1 | . . . . . . 1 . . . Reinforcement 2 | . . . . . 1 . . . 1 Assault 1 | . . . . . . . . . 1 Garrison . | . . . . . . . . . . Intercept . | . . . . . . . . . . Searches Triggered . | . . . . . . . . . . Construction Impeded 1 | . . . . . . . . . 1 Haulers Reinforced . | . . . . . . . . . . Active Scanning Responses . | . . . . . . . . . . Cargo Convoy Interrupts . | . . . . . . . . . . Stealth | -11 -10 -10 -10 -9 -8 -7 -6 -5 -5 --------- Run | Yrd Mat Min Exi Min Mat Fac Fac Fac Ext Distress Signals 1 | . 1 . . . . . . . . Communications Jammed . | . . . . . . . . . . Distress Signals . | . . . . . . . . . . Times Spotted 63 | . 3 8 . . 13 4 8 . 27 Peak Tracking Total 9 | . 3 2 . . 5 3 3 . 9 Tactical Retreats 6 | . . 3 . . . 1 1 . 1 Traps | -11 -10 -10 -10 -9 -8 -7 -6 -5 -5 ------- Run | Yrd Mat Min Exi Min Mat Fac Fac Fac Ext Traps Triggered 6 | . . . . . 2 1 1 . 2 Indirectly 3 | . . . . . 1 . 1 . 1 Trap Hack Attempts . | . . . . . . . . . . Triggered . | . . . . . . . . . . Disarmed . | . . . . . . . . . . Reprogrammed . | . . . . . . . . . . Reused . | . . . . . . . . . . Traps Extracted . | . . . . . . . . . . Installed . | . . . . . . . . . . Triggered 2 | . . 2 . . . . . . . Machines | -11 -10 -10 -10 -9 -8 -7 -6 -5 -5 ---------- Run | Yrd Mat Min Exi Min Mat Fac Fac Fac Ext Machines Disabled 19 | . . . . . 7 5 6 . 1 Max in Single Turn 5 | . . . . . 2 5 2 . . Machines Repaired . | . . . . . . . . . . Machines Dismantled . | . . . . . . . . . . Machines Sabotaged . | . . . . . . . . . . Overloaded Fab Kills . | . . . . . . . . . . Hacking | -11 -10 -10 -10 -9 -8 -7 -6 -5 -5 --------- Run | Yrd Mat Min Exi Min Mat Fac Fac Fac Ext Machines Accessed 19 | . . 1 2 . 5 1 2 3 5 Terminals 15 | . . 1 . . 5 . 1 3 5 Fabricators 1 | . . . . . . . 1 . . Repair Stations . | . . . . . . . . . . Recycling Units . | . . . . . . . . . . Scanalyzers 1 | . . . . . . 1 . . . Garrison Access . | . . . . . . . . . . Total Hacks 52 | . . 2 2 . 22 2 5 6 13 Successful 25 | . . 1 2 . 7 2 3 2 8 Failed 27 | . . 1 . . 15 . 2 4 5 Catastrophic 6 | . . . . . 2 . 1 1 2 Database Lockouts . | . . . . . . . . . . Manual 38 | . . 1 1 . 20 . 3 3 10 Terminals 46 | . . 2 . . 22 . 3 6 13 Fabricators 2 | . . . . . . . 2 . . Repair Stations . | . . . . . . . . . . Recycling Units . | . . . . . . . . . . Scanalyzers 2 | . . . . . . 2 . . . Garrison Access . | . . . . . . . . . . Terminal Hacks 16 | . . 1 2 . 5 . . 1 7 Record 1 | . . . 1 . . . . . . Part Schematic 2 | . . . . . 1 . . . 1 Open Door 2 | . . . . . . . . 1 1 Branch Access Points 1 | . . . . . 1 . . . . Machine Index 1 | . . . . . . . . . 1 Terminal Index 1 | . . . . . . . . . 1 Fabricator Index 1 | . . . . . . . . . 1 Alert Level 2 | . . . . . 1 . . . 1 Dispatch Records 1 | . . . . . 1 . . . . Zone Layout 3 | . . 1 . . 1 . . . 1 Derelict Proto ID Bank 1 | . . . 1 . . . . . . Fabricator Hacks 2 | . . . . . . . 2 . . Load Schematic 1 | . . . . . . . 1 . . Build 1 | . . . . . . . 1 . . Repair Station Hacks . | . . . . . . . . . . Recycling Unit Hacks . | . . . . . . . . . . Scanalyzer 2 | . . . . . . 2 . . . Insert Component 1 | . . . . . . 1 . . . Analyze 1 | . . . . . . 1 . . . Garrison Access Hacks . | . . . . . . . . . . Unauthorized Hacks 5 | . . . . . 2 . 1 1 1 Terminals 5 | . . . . . 2 . 1 1 1 Assimilate 1 | . . . . . . . . . 1 Botnet 4 | . . . . . 2 . 1 1 . Fabricators . | . . . . . . . . . . Repair Stations . | . . . . . . . . . . Recycling Units . | . . . . . . . . . . Scanalyzers . | . . . . . . . . . . Garrison Access . | . . . . . . . . . . Data Cores Recovered . | . . . . . . . . . . Used . | . . . . . . . . . . Hacking Detections 15 | . . 1 . . 5 1 2 3 3 Full Trace Events 1 | . . . . . . . 1 . . Feedback Events . | . . . . . . . . . . Feedback Blocked . | . . . . . . . . . . Robot Schematics Acquired . | . . . . . . . . . . Robots Built . | . . . . . . . . . . Authchips . | . . . . . . . . . . Time . | . . . . . . . . . . Total Robot Build Rating . | . . . . . . . . . . Part Schematics Acquired 3 | . . . . . 1 1 . . 1 Parts Built 2 | . . . . . . . 2 . . Authchips . | . . . . . . . . . . Time 62 | . . . . . . . 62 . . Total Part Build Rating 4 | . . . . . . . 4 . . Parts Repaired . | . . . . . . . . . . Time . | . . . . . . . . . . Parts Recycled . | . . . . . . . . . . Recycled Matter . | . . . . . . . . . . Retrieved Matter . | . . . . . . . . . . Retrieved Components . | . . . . . . . . . . Parts Scanalyzed 1 | . . . . . . 1 . . . Part Schematics Acquired 1 | . . . . . . 1 . . . Parts Damaged 1 | . . . . . . 1 . . . Bothacking | -11 -10 -10 -10 -9 -8 -7 -6 -5 -5 ------------ Run | Yrd Mat Min Exi Min Mat Fac Fac Fac Ext Used RIF Installer . | . . . . . . . . . . Robots Hacked . | . . . . . . . . . . Non-combat . | . . . . . . . . . . Combat . | . . . . . . . . . . Robot Hacks Applied . | . . . . . . . . . . Relay Couplers Released . | . . . . . . . . . . Fabnet Peak Effective % . | . . . . . . . . . . Robots Rewired 11 | . . . . . . . . . 11 Allies Hacked . | . . . . . . . . . . Hacks Repelled . | . . . . . . . . . . Allies | -11 -10 -10 -10 -9 -8 -7 -6 -5 -5 -------- Run | Yrd Mat Min Exi Min Mat Fac Fac Fac Ext Total Allies 13 | . . . . . . . . . 13 Largest Group 12 | . . . . . . . . . 12 Highest-Rated Group 338 | . . . . . . . . . 338 Highest-Rated Ally 39 | . . . . . . . . . 39 Total Orders . | . . . . . . . . . . Ally Attacks 52 | . . . . . . . . . 52 Total Damage 1059 | . . . . . . . . . 1059 Kills 8 | . . . . . . . . . 8 Allies Corrupted . | . . . . . . . . . . Allies Melted . | . . . . . . . . . . Intel | -11 -10 -10 -10 -9 -8 -7 -6 -5 -5 ------- Run | Yrd Mat Min Exi Min Mat Fac Fac Fac Ext Robot Analysis Total . | . . . . . . . . . . Derelict Logs Recovered 2 | . . 2 . . . . . . . Drone Launches . | . . . . . . . . . . Drone Recoveries . | . . . . . . . . . . Exploration | -11 -10 -10 -10 -9 -8 -7 -6 -5 -5 ------------- Run | Yrd Mat Min Exi Min Mat Fac Fac Fac Ext Turns Passed 3367 | 116 176 330 323 226 694 326 403 293 480 Spaces Moved 2331 | 72 142 250 212 117 531 250 225 233 299 Core 17 | 13 . . . . . . . . 4 Treads . | . . . . . . . . . . Legs 2304 | 59 142 250 212 117 523 250 225 233 293 Wheels 8 | . . . . . 8 . . . . Hover . | . . . . . . . . . . Flight 2 | . . . . . . . . . 2 Fastest Speed 37 | 50 120 120 120 190 105 105 122 120 37 Average Speed 125 | 114 120 120 152 190 116 116 122 121 119 Slowest Speed 190 | 190 120 120 190 190 190 125 123 122 190 Overloaded Moves . | . . . . . . . . . . Propulsion Burnouts . | . . . . . . . . . . Robots Hopped . | . . . . . . . . . . Cave-ins Triggered . | . . . . . . . . . . Exploration Rate (%) 30 | 4 30 56 59 34 52 7 6 6 48 Regions Visited 9 Branch Regions 4 Pre-discovered Areas 1 | . . . 1 . . . . . . Known Exits Taken . | . . . . . . . . . . Unknown Exits Taken 9 | 1 1 1 1 1 1 1 1 1 . Scrap Searched 1 | . . . . 1 . . . . . Spaces Dug 11 | . . . . . 9 . 2 . . Terrain Destroyed 329 | . . . . . 182 42 82 . 23 Melee 2 | . . . . . . . 2 . . Projectile . | . . . . . . . . . . AOE 327 | . . . . . 182 42 80 . 23 Terrain Rammed . | . . . . . . . . . . Walls Destroyed . | . . . . . . . . . . Machines Disabled . | . . . . . . . . . . Actions | -11 -10 -10 -10 -9 -8 -7 -6 -5 -5 --------- Run | Yrd Mat Min Exi Min Mat Fac Fac Fac Ext Total 2666 | 90 144 268 214 118 593 273 335 243 388 Wait 113 | . . 5 . . 23 4 81 . . Move 2322 | 71 141 249 211 116 530 249 224 232 299 Hop . | . . . . . . . . . . Pick Up 24 | 6 1 4 . . 7 . 3 2 1 Fast Attach 29 | 6 . . 1 . 4 4 5 3 6 Attach 11 | . . 1 . . 4 2 . 1 3 Detach 4 | . . . 1 . 2 1 . . . Swap 14 | . . . . . 3 1 3 1 6 Drop 27 | . . 2 1 . 8 2 4 4 6 Fire 60 | 7 2 7 . 1 9 10 13 . 11 Melee 12 | . . . . . . . 2 . 10 Ram . | . . . . . . . . . . Kick 4 | . . . . 1 3 . . . . Crush . | . . . . . . . . . . Escape Stasis 4 | . . . . . . . . . 4 Rewire 42 | . . . . . . . . . 42 Trap . | . . . . . . . . . . Miscellaneous . | . . . . . . . . . . Route ------- -11/Scrapyard -10/Materials (discovered 2 exits: [*Mat] / *Min) -10/Mines (discovered 3 exits: [*Mat x2] / *Exi) -10/Exiles -9/Mines -8/Materials -7/Factory -6/Factory -5/Factory -5/Extension History --------- Turn | Location | Event 27 | -11/Scrapyard | Discovered new exit (range 16) 117 | -11/Scrapyard | Entered Materials 242 | -10/Materials | Discovered new exit (range 11) 272 | -10/Materials | Discovered new exit (range 16) 293 | -10/Materials | Entered Mines 302 | -10/Mines | Met a Derelict bent on vengeance 308 | -10/Mines | Build established: Mutant 395 | -10/Mines | Learned Materials emergency access door positions 489 | -10/Mines | Learned Materials stockpile data 515 | -10/Mines | Discovered new exit (range 3) 539 | -10/Mines | Discovered new exit (range 12) 578 | -10/Mines | Met a Derelict testing a Signal Generator 582 | -10/Mines | Found Signal Generator 618 | -10/Mines | Deemed a non-threat by the Exiles lab entrance 618 | -10/Mines | Discovered new exit (range 5) 623 | -10/Mines | Entered Exiles 652 | -10/Exiles | Met 8R-AWN 673 | -10/Exiles | Met EX-HEX 709 | -10/Exiles | Met EX-BIN 723 | -10/Exiles | Aligned with FarCom system 724 | -10/Exiles | Given EX-Vault access code 752 | -10/Exiles | Opened EX-Vault 763 | -10/Exiles | Found Latent Energy Streamer 804 | -10/Exiles | Warned to stay clear of 0b10 Research branches 861 | -10/Exiles | Met EX-DEC 870 | -10/Exiles | Learned location of Zion (-6) 929 | -10/Exiles | Discovered new exit (range 10) 946 | -10/Exiles | Left Exiles lab with Latent Energy Streamer 946 | -10/Exiles | Entered Mines 1021 | -9/Mines | Discovered new exit (range 14) 1172 | -9/Mines | Entered Materials 1172 | -8/Materials | Evolved 4 slots: Power x1, Propulsion x2, Utility x1 1503 | -8/Materials | Build established: Skirmisher 1513 | -8/Materials | System corruption reached 10% 1811 | -8/Materials | Discovered new exit (range 15) 1866 | -8/Materials | Entered Factory 1866 | -7/Factory | Evolved 2 slots: Utility x2 1959 | -7/Factory | Discovered new exit (range 6) 2014 | -7/Factory | Lost 4 parts (1p2n1u) 2192 | -7/Factory | Entered another Factory area 2192 | -6/Factory | Evolved 2 slots: Propulsion x1, Utility x1 2279 | -6/Factory | Fabricated VTOL Module? 2337 | -6/Factory | System corruption reached 10% 2571 | -6/Factory | Discovered new exit (range 11) 2595 | -6/Factory | Entered another Factory area 2595 | -5/Factory | Evolved 2 slots: Power x1, Utility x1 2771 | -5/Factory | Build established: Scavenger-Skirmisher 2878 | -5/Factory | Discovered new exit (range 10) 2888 | -5/Factory | Entered Extension 3060 | -5/Extension | Destroyed 8 combat bots 3173 | -5/Extension | System corruption reached 10% 3213 | -5/Extension | Lost 3 parts (1n1u1w) 3238 | -5/Extension | Disrupted transfer network 3265 | -5/Extension | Rescued a captive Derelict 3326 | -5/Extension | Spotted B-75 Beast 3328 | -5/Extension | Spotted B-75 Beast 3359 | -5/Extension | Core integrity fell below 50% 3368 | -5/Extension | Self-destructed Last Messages --------------- 03349_ Field Propulsion Drive destroyed. 03351_ Slug penetrates B-75 Beast. 03351_ B-75 Beast suffers critical hit (Destroy). 03352_ DU5AAF%A=O7 V|3W8|I =9/MHJC 03353_ U-05 Engineer builds a Wall. 03354_ Penetrated by Slug. 03354_ Arm. Leg destroyed. 03355_ Door Terminal disabled. 03357_ Sml. Storage Unit destroyed. 03358_ Knocked back. 03358_ U-05 Engineer builds a Wall. 03362_ Signal Generator broadcasts a burst of procedurally generated transmissions. 03362_ ALERT: Intercepting significant anomalous signal. Dispatching assault force. 03362_ Hacking Suite destroyed. 03364_ Flight Unit destroyed. 03365_ U-05 Engineer builds a Wall. 03368_ System corrupted: Matter fused (-10). Map ----- +----------------------------------------------------+ | #?????#?####??# ##### ###?#?###??????????????????? | | #?#??###?########?### #######????#??#????????????? | | #??##?#############?# ###?##?#???#?##??#?????????? | | ##?#???##??##?###?#?# ###?#?#?##??T??????????????? | | ?????#######?######## ###?####?? ??????????????? | | #??##?##???##?##??### #??#??#### #?"?????????????? | | ?##???#?##?#?####?### ###??##### ????#???????????? | | #?#?????#############=#??#?##??#??##?????????????? | | ?????#??########?# ##%##?#######??#??#???????????? | | ????###???#?#?#?#?#!#="######"#? ????#???????????? | | ???#??????#??##?####%!/## ## ### ###?????????????? | | ?#?#??#??##?###?###!"%!*u! "" ""#???#?????????? | | ??????#?#???##?#??#%%%%[*! % ==" " #?????????????? | | ????????????##????# %=[=% w/%*= #???#?????????? | | ???????????????#?## !!%= =]==! ##????????????? | | ???????############ / s[%*=%[% ###???#???????? | | ????? !% ==%%= ??????????? | | ????? % % =%* ?????????? | | ????? %!% % BB BB [ ?????????? | | ????? sBB BB ?????????? | | ?????? Ys! ku% ?????????? | | ??????######"###### == ####??????????? | | ???????????##?????# %= #?????????????? | | ???????##?????????# s& #?????????????? | | ?????????????????## % #?????????????? | | ??????????????????# @ #?????????????? | | ?????????#???????#######%#"""#######?????????????? | | ???????????????#???????###????#??????????????????? | | ?????????????????????????????????????????????????? | | | | | | | | | | | | | | | | | | | | | | | | | | | | | | | | | | | | | | | | | | | +----------------------------------------------------+ Best States ------------- Heat Dissipation 40 Energy Generation 43 Energy Capacity 555 Matter Stores 300 Matter Capacity 300 Sight Range 16 Terrain Scan Range 16 Terrain Scan Density 110 Jamming Range 12 Armor Coverage 150 Evasion (%) 55 Energy Filtering 50 Offensive Hacking 10 Item Schematics ----------------- Hacking Suite | -8/Materials | Hacked VTOL Module | -7/Factory | Scanalyzed Cld. Cesium-ion Thruster | -5/Extension | Hacked Robot Schematics ------------------ None Fabricated ------------ VTOL Module | x2 | -6/Factory Alien Tech Used ----------------- None Achievements -------------- Part-time Excavator Challenges ------------ None Game ------ Seed MultinovaAccelerationSabre Manual? 0 Play Time 00:27:22 Cumulative 49.1 hours Start 2024.05.05 @ 22:56:13 End 2024.05.05 @ 23:23:58 Sessions 1 Manual Loads 0 Difficulty Rogue Special Mode None Game No. 136 Rogue 134 Adventurer 2 Explorer 0 Win Type - Total 0 Types 0/0/0/0/0/0/0/0/0 Lore% 35 Gallery% 49 Achievement% 36 Wizard Run 0 Options --------- Layout 2 ASCII 0 Keyboard 0 Movement Arrows Keybinds 0 Fullscreen 2 Font 24/Smallcaps Map View 50x44 Zoom Use 0% Tactical HUD 1 Map Filters NONE Filters NONE Steam 1 RUN: ef779e09-a6db-4394-a208-2ae1cb127a4b